Map: Automaton LE

Players

DeathJester - Winner!

  • Race: Protoss Protoss
  • League: Platinum
  • Spawn Location: 3:00

DrRockso

  • Race: Zerg Zerg
  • League: Gold
  • Spawn Location: 9:00

VOD

Have the link to the VOD?

Description

Time

  • Played on: March 21, 2019, 10:59 a.m.
  • Length: 15:09
Show
View Real Time Build Order
Export as new Build Order

DeathJester Protoss - Winner!

Build Orders: 1 Gate Expand, Blink Stalkers 

Get SALT Encoding   

  12  0:02  Probe  
  13  0:14  Probe  
  14  0:21  Pylon  
  14  0:22  Probe  
  15  0:36  Probe  
  16  0:43  Gateway  
  16  0:46  Assimilator  
  16  0:51  Probe  
  17  0:59  Probe  
  18  1:07  Probe  
  19  1:17  Probe  
  20  1:31  Nexus  
  20  1:34  Probe  
  21  1:47  Probe  
  21  1:48  Cybernetics Core  
  21  1:53  Assimilator  
  22  1:57  Probe  
  23  2:15  Pylon  
  23  2:25  Warp Gate  
  23  2:33  Twilight Council, Probe, Stalker  
  26  3:03  Stalker  
  28  3:06  Shield Battery  
  28  3:10  Probe  
  29  3:13  Blink  
  29  3:16  Probe  
  30  3:20  Gateway  
  30  3:22  Probe  
  31  3:31  Shield Battery  
  31  3:33  Stalker  
  33  3:42  Probe x2  
  33  3:43  Pylon  
  35  3:50  Probe x2  
  35  3:55  Assimilator  
  37  3:59  Probe  
  37  4:02  Robotics Facility  
  38  4:15  Stalker x2  
  42  4:23  Pylon  
  42  4:39  Stalker  
  42  4:40  Stalker  
  42  4:44  Probe  
  42  4:45  Probe  
  46  4:46  Pylon  
  48  4:53  Probe x2  
  48  4:57  Observer  
  51  5:02  Probe x2  
  53  5:14  Charge, Probe, Forge  
  53  5:15  Forge  
  54  5:28  Nexus  
  54  5:35  Stalker  
  54  5:36  Stalker  
  58  6:02  Probe x2  
  60  6:08  Gateway  
  60  6:12  Gateway, Probe x2  
  60  6:14  Pylon  
  60  6:17  Gateway  
  60  6:18  Assimilator  
  62  6:20  Probe x2  
  64  6:27  Assimilator, Sentry  
  64  6:28  Probe x2  
  68  6:34  Protoss Ground Weapons Level 1  
  68  6:36  Protoss Ground Armor Level 1  
  68  6:40  Probe  
  68  6:43  Gateway  
  68  6:45  Gateway  
  69  6:47  Gateway  
  69  6:56  Probe x2  
  69  6:57  Probe  
  72  7:04  Probe x2  
  72  7:05  Probe  
  73  7:11  Stalker x2  
  73  7:13  Probe x3, Zealot  
  84  7:25  Probe x2  
  84  7:26  Assimilator  
  84  7:27  Resonating Glaives  
  86  7:36  Adept x3  
  92  8:06  Pylon  
  92  8:07  Pylon  
  92  8:11  Pylon x2  
  92  8:15  Pylon  
  92  8:16  Protoss Shields Level 1, Pylon  
  92  8:19  Pylon  
  92  8:24  Warp Prism  
  94  8:29  Protoss Ground Weapons Level 2  
  94  8:33  Stalker x4  
  94  8:34  Stalker x4  
  110  8:48  Templar Archives  
  110  9:00  Immortal  
  114  9:09  Zealot x5  
  124  9:10  Zealot x2  
  124  9:13  Zealot  
  130  9:40  Immortal  
  116  9:50  Protoss Ground Armor Level 2  
  108  10:03  High Templar x5  
  108  10:04  High Templar x2  
  122  10:07  Psionic Storm  
  122  10:32  Immortal  
  122  10:35  Protoss Shields Level 2  
  126  10:38  Stalker x3  
  132  10:51  Nexus  
  132  10:55  Pylon  
  132  10:58  Protoss Air Armor Level 1  
  132  11:00  Pylon  
  132  11:01  Pylon  
  132  11:04  Pylon  
  132  11:13  Immortal  
  132  11:16  High Templar x2  
  132  11:18  High Templar x2  
  144  11:20  High Templar  
  146  11:29  High Templar  
  148  11:52  Immortal  
  152  12:13  Pylon  
  152  12:25  Pylon  
  152  12:31  Pylon  
  152  12:32  Immortal  
  152  12:39  Pylon  
  119  13:07  Archon x3  
  119  13:11  Immortal  
  122  13:13  Pylon  
  116  13:47  High Templar x2  
  116  13:48  High Templar x6  
  126  13:51  Immortal  
  135  14:33  Stalker x4  
  135  14:34  Stalker x4  
  150  14:59  Stalker x5  
  160  15:00  Stalker x3  
Show
View Real Time Build Order
Export as new Build Order

DrRockso Zerg 

Build Orders: Hatch First 

Get SALT Encoding   

  12  0:02  Drone  
  13  0:12  Overlord  
  13  0:18  Drone  
  14  0:32  Drone x2  
  17  0:35  Drone  
  17  0:55  Hatchery  
  16  0:59  Drone  
  16  1:01  Drone  
  18  1:05  Extractor  
  17  1:17  Spawning Pool  
  16  1:21  Drone  
  17  1:28  Drone  
  18  1:34  Drone  
  19  1:41  Drone  
  20  2:06  Hatchery  
  20  2:08  Queen  
  22  2:15  Drone  
  22  2:18  Drone x2  
  24  2:26  Queen  
  26  2:33  Metabolic Boost  
  26  2:38  Drone  
  26  2:40  Drone  
  28  3:01  Overlord  
  28  3:08  Overlord  
  28  3:17  Queen x2  
  32  3:20  Drone x3  
  32  3:23  Drone x3  
  38  3:28  Drone  
  38  3:31  Drone  
  38  3:33  Drone  
  41  3:38  Drone  
  42  3:54  Lair  
  42  4:09  Extractor, Zergling x6  
  44  4:13  Drone x3  
  44  4:17  Drone x3  
  49  4:20  Overlord  
  50  4:51  Extractor  
  49  5:02  Hydralisk Den  
  48  5:08  Extractor  
  48  5:11  Drone x3  
  50  5:31  Drone x2  
  50  5:32  Drone  
  50  5:34  Muscular Augments  
  53  5:36  Hydralisk x2  
  53  5:39  Overlord x2  
  53  5:40  Overlord x2  
  56  5:58  Drone x2  
  56  5:59  Drone x3  
  56  6:04  Extractor x2  
  60  6:05  Zergling x12  
  65  6:33  Hydralisk x5  
  65  6:34  Hydralisk x6  
  87  6:45  Grooved Spines  
  87  6:46  Zergling x4  
  89  6:53  Evolution Chamber  
  89  6:54  Evolution Chamber  
  87  6:59  Baneling Nest  
  86  7:05  Drone x3  
  86  7:07  Overlord x2  
  89  7:10  Overlord x3  
  89  7:21  Zerg Missile Weapons Level 1  
  89  7:22  Zerg Ground Armor Level 1  
  89  7:25  Overlord x2  
  89  7:26  Overlord  
  89  7:29  Drone x2  
  92  7:30  Drone x3  
  94  7:41  Hydralisk x2  
  94  7:42  Hydralisk x5  
  108  7:50  Centrifical Hooks  
  108  7:53  Baneling x6  
  108  7:54  Baneling x3  
  108  7:55  Baneling  
  108  8:06  Drone x3  
  108  8:08  Drone  
  112  8:32  Hydralisk  
  112  8:33  Hydralisk x7  
  112  8:34  Hydralisk x3  
  134  8:44  Overlord  
  134  9:09  Hatchery  
  133  9:16  Zerg Missile Weapons Level 2, Zerg Ground Armor Level 2  
  107  9:54  Zergling x4  
  107  9:55  Zergling x16  
  107  9:56  Hydralisk x3, Zergling x8  
  107  9:57  Hydralisk x6  
  107  9:58  Hydralisk x3  
  145  10:04  Spire  
  144  10:07  Infestation Pit  
  143  10:25  Baneling x7  
  143  10:26  Baneling x4  
  143  10:30  Drone x2  
  143  10:31  Drone x2  
  147  11:00  Zergling x8  
  147  11:01  Zergling x14  
  147  11:02  Zergling x4  
  147  11:03  Overlord x3  
  160  11:06  Drone x3  
  163  11:23  Overlord  
  163  11:24  Overlord  
  163  11:35  Hive  
  163  11:37  Corruptor  
  163  11:38  Corruptor x4  
  173  11:42  Corruptor x2  
  173  11:43  Corruptor x2  
  181  12:02  Pneumatized Carapace  
  181  12:08  Overseer x2  
  181  12:11  Overlord x2  
  84  12:56  Zergling x4  
  84  12:57  Zergling x12  
  84  12:58  Zergling x16  
  95  12:59  Zergling x4, Hydralisk x6  
  95  13:00  Hydralisk x6  
  56  13:51  Zergling x8  
  56  13:52  Zergling x6  
  63  13:56  Zergling x6  
Tags
 
Add a new tag
Caveats
  • Supply blocks, unpowered buildings, or Contaminate may cause inaccurate times.
  • Supply counts are checked every 10 seconds.